TOP OF THE 1ST |
Minnesota Twins batting - Pitching for Milwaukee Brewers : LHP Lewis Thorpe Jr.
|
Pitching: LHP Lewis Thorpe Jr.
|
|
Batting: RHB Jesse Scott
|
0-0: Ball 1-0: SINGLE (Line Drive, 7S, EV 96.9 MPH)
|
Batting: LHB Joel Kunkler
|
0-0: Ball 1-0: Hit by Pitch Jesse Scott to second
|
Batting: RHB Hildo Pot
|
0-0: Called Strike 0-1: Foul Ball, location: 2F 0-2: Strikes out swinging
|
Batting: RHB Matthew Starr
|
0-0: Ball 1-0: Fly out, F7 (Flyball, 7S, EV 89.4 MPH)
|
Batting: RHB Danny Miramontes
|
0-0: Called Strike 0-1: DOUBLE (Flyball, 78D, EV 103.1 MPH) Jesse Scott scores Joel Kunkler to third Runner from 3rd tries for Home, SAFE, throw by LF to trailing runner, SAFE at third!
|
Batting: RHB José Molina
|
0-0: Ball 1-0: Ground out 6-3 (Groundball, 6, EV 82.5 MPH)
|
Top of the 1st over - 2 runs, 2 hits, 0 errors, 1 left on base; Minnesota 2 - Milwaukee 0 |
BOTTOM OF THE 1ST |
Milwaukee Brewers batting - Pitching for Minnesota Twins : RHP Luis Sanchez
|
Pitching: RHP Luis Sanchez
|
|
Batting: SHB Jamel Wright
|
0-0: Ball 1-0: Foul Ball, location: 2F 1-1: Ball 2-1: Swinging Strike 2-2: Foul Ball, location: 2F 2-2: Ball 3-2: Base on Balls
|
Batting: RHB Adrian Rudkilde
|
0-0: Ball Jamel Wright is caught stealing 2nd base 2-4 1-0: Ball 2-0: Called Strike 2-1: Fly out, F9 (Flyball, 9D, EV 84.4 MPH)
|
Batting: SHB Jason Woods
|
0-0: Swinging Strike 0-1: Foul Ball, location: 2F 0-2: Ball 1-2: Ball 2-2: Ground out 4-3 (Groundball, 4, EV 88.1 MPH)
|
Bottom of the 1st over - 0 runs, 0 hits, 0 errors, 0 left on base; Minnesota 2 - Milwaukee 0 |
TOP OF THE 2ND |
Minnesota Twins batting - Pitching for Milwaukee Brewers : LHP Lewis Thorpe Jr.
|
Batting: RHB Väinö Tapaninen
|
0-0: Called Strike 0-1: Called Strike 0-2: Strikes out swinging
|
Batting: RHB Jimmy Buzard
|
0-0: Ball 1-0: Called Strike 1-1: Ball 2-1: Foul Ball, location: 2F 2-2: Foul Ball, location: 2F 2-2: Foul Ball, location: 2F 2-2: Strikes out looking
|
Batting: RHB Yonetoshi Muranaka
|
0-0: Called Strike 0-1: Ball 1-1: Ball 2-1: Foul Ball, location: 2F 2-2: Foul Ball, location: 2F 2-2: Foul Ball, location: 2F 2-2: Ball 3-2: Ground out 5-3 (Groundball, 56, EV 96.9 MPH)
|
Top of the 2nd over - 0 runs, 0 hits, 0 errors, 0 left on base; Minnesota 2 - Milwaukee 0 |
BOTTOM OF THE 2ND |
Milwaukee Brewers batting - Pitching for Minnesota Twins : RHP Luis Sanchez
|
Batting: SHB Jean-François Bernard
|
0-0: Ground out U3 (Groundball, 3, EV 103.8 MPH)
|
Batting: RHB Akitada Nishizawa
|
0-0: Ball 1-0: Ball 2-0: Foul Ball, location: 2F 2-1: Ball 3-1: SOLO HOME RUN (Flyball, 7D, EV 106.2 MPH), Distance : 424 ft
|
Batting: RHB Daniel Donovan
|
0-0: Ball 1-0: Called Strike 1-1: Called Strike 1-2: Strikes out swinging
|
Batting: RHB Kisho Ito
|
0-0: Called Strike 0-1: Called Strike 0-2: Fly out, F8 (Line Drive, 8RS, EV 108.1 MPH)
|
Bottom of the 2nd over - 1 run, 1 hit, 0 errors, 0 left on base; Minnesota 2 - Milwaukee 1 |
TOP OF THE 3RD |
Minnesota Twins batting - Pitching for Milwaukee Brewers : LHP Lewis Thorpe Jr.
|
Batting: RHB Jesse Scott
|
0-0: Ball 1-0: Called Strike 1-1: Ground out 5-3 (Groundball, 56D, EV 84.4 MPH)
|
Batting: LHB Joel Kunkler
|
0-0: Called Strike 0-1: Ground out 4-3 (Groundball, 4S, EV 70.6 MPH)
|
Batting: RHB Hildo Pot
|
0-0: Foul Ball, location: 2F 0-1: Ground out 6-3 (Groundball, 4M, EV 111.9 MPH)
|
Top of the 3rd over - 0 runs, 0 hits, 0 errors, 0 left on base; Minnesota 2 - Milwaukee 1 |
BOTTOM OF THE 3RD |
Milwaukee Brewers batting - Pitching for Minnesota Twins : RHP Luis Sanchez
|
Batting: RHB Noah Stanley
|
0-0: Ground out 5-3 (Groundball, 5, EV 105.6 MPH)
|
Batting: RHB Ben Campbell
|
0-0: Swinging Strike 0-1: Ball 1-1: Fly out, F8 (Flyball, 89M, EV 92.5 MPH)
|
Batting: SHB Jamel Wright
|
0-0: Ball 1-0: Foul Ball, location: 2F 1-1: Ball 2-1: SINGLE (Groundball, 5S, EV 60.6 MPH) (infield hit)
|
Batting: RHB Adrian Rudkilde
|
0-0: Ball 1-0: Ball Jamel Wright steals 2nd base 2-0: Called Strike 2-1: Ball 3-1: Ground out U3 (Groundball, 3, EV 86.2 MPH)
|
Bottom of the 3rd over - 0 runs, 1 hit, 0 errors, 1 left on base; Minnesota 2 - Milwaukee 1 |
TOP OF THE 4TH |
Minnesota Twins batting - Pitching for Milwaukee Brewers : LHP Lewis Thorpe Jr.
|
Batting: RHB Matthew Starr
|
0-0: Ball 1-0: Called Strike 1-1: DOUBLE (Line Drive, 78M, EV 101.9 MPH)
|
Batting: RHB Danny Miramontes
|
0-0: Ball 1-0: Fly out, F5 (Popup, 25, EV 88.1 MPH)
|
Batting: RHB José Molina
|
0-0: Ground out 4-3 (Groundball, 4M, EV 82.5 MPH) Matthew Starr to third
|
Batting: RHB Väinö Tapaninen
|
0-0: Called Strike 0-1: Swinging Strike 0-2: Foul Ball, location: 2F 0-2: Ball 1-2: Strikes out looking
|
Top of the 4th over - 0 runs, 1 hit, 0 errors, 1 left on base; Minnesota 2 - Milwaukee 1 |
BOTTOM OF THE 4TH |
Milwaukee Brewers batting - Pitching for Minnesota Twins : RHP Luis Sanchez
|
Batting: SHB Jason Woods
|
0-0: Ball 1-0: Ball 2-0: Ball 3-0: Foul Ball, location: 2F 3-1: SINGLE (Groundball, 15S, EV 71.9 MPH) (infield hit)
|
Batting: SHB Jean-François Bernard
|
0-0: Ball 1-0: Called Strike 1-1: Ball 2-1: SINGLE (Groundball, 4M, EV 99.4 MPH) (infield hit) Jason Woods to second
|
Batting: RHB Akitada Nishizawa
|
0-0: Ground out 3-1 (Groundball, 13, EV 83.1 MPH) Jason Woods to third Jean-François Bernard to second
|
Batting: RHB Daniel Donovan
|
0-0: Ball Wild Pitch! Jason Woods scores Jean-François Bernard to third 1-0: Foul Ball, location: 2F 1-1: Called Strike 1-2: Strikes out swinging
|
Batting: RHB Kisho Ito
|
0-0: Ball 1-0: Ground out 1-3 (Groundball, 15S, EV 69.4 MPH)
|
Bottom of the 4th over - 1 run, 2 hits, 0 errors, 1 left on base; Minnesota 2 - Milwaukee 2 |
TOP OF THE 5TH |
Minnesota Twins batting - Pitching for Milwaukee Brewers : LHP Lewis Thorpe Jr.
|
Batting: RHB Jimmy Buzard
|
0-0: Ball 1-0: Ball 2-0: Foul Ball, location: 2F 2-1: Foul Ball, location: 2F 2-2: Foul Ball, location: 2F 2-2: Ground out U3 (Groundball, 3, EV 100.6 MPH)
|
Batting: RHB Yonetoshi Muranaka
|
0-0: Ball 1-0: Foul Ball, location: 2F 1-1: Ball 2-1: SINGLE (Groundball, 4M, EV 103.8 MPH) (infield hit)
|
Batting: RHB Jesse Scott
|
0-0: Foul Ball, location: 2F 0-1: Called Strike 0-2: Ball 1-2: Ball 2-2: Foul Ball, location: 2F 2-2: SINGLE (Groundball, 56D, EV 103.1 MPH) Yonetoshi Muranaka to second
|
Batting: LHB Joel Kunkler
|
0-0: Called Strike 0-1: Foul Ball, location: 2F 0-2: Foul Ball, location: 2F 0-2: Foul Ball, location: 2F 0-2: Ball 1-2: Ball 2-2: Ball 3-2: DOUBLE (Line Drive, 78D, EV 106.9 MPH) Yonetoshi Muranaka scores Jesse Scott to third
|
Batting: RHB Hildo Pot
|
0-0: Ball 1-0: Ball 2-0: Ball 3-0: Called Strike 3-1: Called Strike 3-2: Foul Ball, location: 2F 3-2: Fly out, F8 (Line Drive, 89M, EV 93.1 MPH)
|
Batting: RHB Matthew Starr
|
0-0: Ball 1-0: Ball 2-0: Foul Ball, location: 2F 2-1: Ball 3-1: Called Strike 3-2: Strikes out swinging
|
Top of the 5th over - 1 run, 3 hits, 0 errors, 2 left on base; Minnesota 3 - Milwaukee 2 |
BOTTOM OF THE 5TH |
Milwaukee Brewers batting - Pitching for Minnesota Twins : RHP Luis Sanchez
|
Batting: RHB Noah Stanley
|
0-0: Ball 1-0: Ball 2-0: Ball 3-0: Swinging Strike 3-1: Foul Ball, location: 2F 3-2: SINGLE (Groundball, 6MD, EV 103.8 MPH)
|
Batting: RHB Ben Campbell
|
0-0: Fly out, F3 (Popup, 34S, EV 73.1 MPH)
|
Pitching: RHP Steffen Joseph
|
|
Batting: SHB Jamel Wright
|
0-0: SINGLE (Flyball, 7LS, EV 90.6 MPH) Noah Stanley to second
|
Batting: RHB Adrian Rudkilde
|
0-0: Called Strike Noah Stanley steals 3rd base 0-1: Ball 1-1: Ball 2-1: Called Strike 2-2: Strikes out swinging
|
Batting: SHB Jason Woods
|
0-0: Ball 1-0: Swinging Strike 1-1: Ball 2-1: Ball 3-1: Fly out, F9 (Flyball, 9D, EV 108.8 MPH)
|
Bottom of the 5th over - 0 runs, 2 hits, 0 errors, 2 left on base; Minnesota 3 - Milwaukee 2 |
TOP OF THE 6TH |
Minnesota Twins batting - Pitching for Milwaukee Brewers : LHP Lewis Thorpe Jr.
|
Batting: RHB Danny Miramontes
|
0-0: Swinging Strike 0-1: Foul Ball, location: 2F 0-2: Ball 1-2: Ball 2-2: Ball 3-2: Ground out 4-3 (Groundball, 4, EV 93.1 MPH)
|
Batting: RHB José Molina
|
0-0: Swinging Strike 0-1: Foul Ball, location: 2F 0-2: Ground out 4-3 (Groundball, 4, EV 80.0 MPH)
|
Batting: RHB Väinö Tapaninen
|
0-0: Called Strike 0-1: Ground out 6-3 (Groundball, 6M, EV 108.8 MPH)
|
Top of the 6th over - 0 runs, 0 hits, 0 errors, 0 left on base; Minnesota 3 - Milwaukee 2 |
BOTTOM OF THE 6TH |
Milwaukee Brewers batting - Pitching for Minnesota Twins : RHP Steffen Joseph
|
Batting: SHB Jean-François Bernard
|
0-0: Foul Ball, location: 2F 0-1: Swinging Strike 0-2: Fly out, F7 (Flyball, 78S, EV 90.6 MPH)
|
Batting: RHB Akitada Nishizawa
|
0-0: Called Strike 0-1: Ball 1-1: Called Strike 1-2: Strikes out swinging
|
Batting: RHB Daniel Donovan
|
0-0: DOUBLE (Groundball, 5L, EV 100.6 MPH)
|
Batting: RHB Kisho Ito
|
0-0: Called Strike 0-1: Ball 1-1: Ground out 4-3 (Groundball, 4, EV 106.2 MPH)
|
Bottom of the 6th over - 0 runs, 1 hit, 0 errors, 1 left on base; Minnesota 3 - Milwaukee 2 |
TOP OF THE 7TH |
Minnesota Twins batting - Pitching for Milwaukee Brewers : LHP Lewis Thorpe Jr.
|
Batting: RHB Jimmy Buzard
|
0-0: Ball 1-0: Foul Ball, location: 2F 1-1: Ground out 6-3 (Groundball, 6MD, EV 98.1 MPH)
|
Batting: RHB Yonetoshi Muranaka
|
0-0: Ball 1-0: Called Strike 1-1: Ball 2-1: SINGLE (Groundball, 34D, EV 97.5 MPH)
|
Pitching: RHP Mekonen Mahfudh
|
|
Batting: RHB Jesse Scott
|
0-0: Called Strike 0-1: Ball 1-1: Fly out, F9 (Line Drive, 9, EV 85.6 MPH)
|
Batting: LHB Joel Kunkler
|
0-0: Ball Yonetoshi Muranaka steals 2nd base 1-0: SINGLE (Groundball, 4MD, EV 102.5 MPH) Yonetoshi Muranaka to third Runner from 3rd tries for Home, SAFE, throw by CF to home Joel Kunkler to second
|
Batting: RHB Hildo Pot
|
0-0: Called Strike 0-1: Ground out 1-3 (Groundball, 13S, EV 71.9 MPH)
|
Top of the 7th over - 1 run, 2 hits, 0 errors, 1 left on base; Minnesota 4 - Milwaukee 2 |
BOTTOM OF THE 7TH |
Milwaukee Brewers batting - Pitching for Minnesota Twins : RHP Steffen Joseph
|
Batting: RHB Noah Stanley
|
0-0: Called Strike 0-1: Called Strike 0-2: Foul Ball, location: 2F 0-2: Ball 1-2: Ball 2-2: Strikes out swinging
|
Batting: RHB Ben Campbell
|
0-0: Called Strike 0-1: Swinging Strike 0-2: Strikes out swinging
|
Batting: SHB Jamel Wright
|
0-0: Swinging Strike 0-1: Called Strike 0-2: Ball 1-2: Strikes out swinging
|
Bottom of the 7th over - 0 runs, 0 hits, 0 errors, 0 left on base; Minnesota 4 - Milwaukee 2 |
TOP OF THE 8TH |
Minnesota Twins batting - Pitching for Milwaukee Brewers : RHP Mekonen Mahfudh
|
Batting: RHB Matthew Starr
|
0-0: Swinging Strike 0-1: Ball 1-1: Foul Ball, location: 2F 1-2: Foul Ball, location: 2F 1-2: Strikes out looking
|
Batting: RHB Danny Miramontes
|
0-0: Ball 1-0: DOUBLE (Groundball, 5L, EV 98.8 MPH)
|
Batting: RHB José Molina
|
0-0: Ground out 6-3 (Groundball, 6, EV 82.5 MPH)
|
Batting: RHB Väinö Tapaninen
|
0-0: Swinging Strike 0-1: Foul Ball, location: 2F 0-2: Ball 1-2: SINGLE (Groundball, 6MD, EV 97.5 MPH) Danny Miramontes to third Runner from 3rd tries for Home, SAFE, throw by CF to home
|
Batting: RHB Jimmy Buzard
|
0-0: Ball 1-0: Called Strike 1-1: Foul Ball, location: 2F 1-2: Foul Ball, location: 2F 1-2: Strikes out swinging
|
Top of the 8th over - 1 run, 2 hits, 0 errors, 1 left on base; Minnesota 5 - Milwaukee 2 |
BOTTOM OF THE 8TH |
Milwaukee Brewers batting - Pitching for Minnesota Twins : RHP Steffen Joseph
|
Pitching: RHP Bill Rondeau
|
|
Batting: RHB Adrian Rudkilde
|
0-0: Ball 1-0: Ball 2-0: SINGLE (Line Drive, 9LS, EV 101.9 MPH)
|
Batting: SHB Jason Woods
|
0-0: SINGLE (Groundball, 4MS, EV 68.1 MPH) (infield hit) Adrian Rudkilde to second
|
Batting: SHB Jean-François Bernard
|
0-0: Called Strike 0-1: Ball 1-1: Ball 2-1: Foul Ball, location: 2F 2-2: Fielders Choice at 2nd, 1-6 (Groundball, 13S, EV 67.5 MPH) Adrian Rudkilde to third
|
Batting: RHB Akitada Nishizawa
|
0-0: Ball 1-0: Foul Ball, location: 2F 1-1: Ball 2-1: Foul Ball, location: 2F 2-2: DOUBLE (Line Drive, 78M, EV 110.0 MPH) Adrian Rudkilde scores Jean-François Bernard to third Runner from 3rd tries for Home, SAFE, throw by LF to home
|
Batting: RHB Daniel Donovan
|
0-0: Swinging Strike 0-1: Ball 1-1: Fly out, F4 (Line Drive, 4, EV 61.2 MPH)
|
Batting: RHB Kisho Ito
|
0-0: Called Strike 0-1: Called Strike 0-2: Ball 1-2: Foul Ball, location: 2F 1-2: Strikes out swinging
|
Bottom of the 8th over - 2 runs, 3 hits, 0 errors, 1 left on base; Minnesota 5 - Milwaukee 4 |
TOP OF THE 9TH |
Minnesota Twins batting - Pitching for Milwaukee Brewers : RHP Mekonen Mahfudh
|
Batting: RHB Yonetoshi Muranaka
|
0-0: Ball 1-0: Called Strike 1-1: Swinging Strike 1-2: Strikes out swinging
|
Batting: RHB Jesse Scott
|
0-0: Ground out 6-3 (Groundball, 6S, EV 68.8 MPH)
|
Batting: LHB Joel Kunkler
|
0-0: Ball 1-0: Ball 2-0: Ground out 2-3 (Groundball, 15S, EV 75.6 MPH)
|
Top of the 9th over - 0 runs, 0 hits, 0 errors, 0 left on base; Minnesota 5 - Milwaukee 4 |
BOTTOM OF THE 9TH |
Milwaukee Brewers batting - Pitching for Minnesota Twins : RHP Bill Rondeau
|
Pitching: LHP Jim Storer
|
|
Now at 1B: Yonetoshi Muranaka
|
|
Now at 2B: Brett Steele
|
|
Now in LF: Väinö Tapaninen
|
|
Now in CF: Blake Ballard
|
|
Batting: RHB Noah Stanley
|
0-0: Swinging Strike 0-1: Foul Ball, location: 2F 0-2: DOUBLE (Line Drive, 9LS, EV 100.0 MPH)
|
Batting: RHB Ben Campbell
|
0-0: Foul Ball, location: 2F 0-1: Ball 1-1: Swinging Strike 1-2: Strikes out swinging
|
Batting: SHB Jamel Wright
|
0-0: Ball 1-0: Called Strike 1-1: Ball 2-1: Foul Ball, location: 2F 2-2: Ball 3-2: Strikes out looking
|
Batting: RHB Adrian Rudkilde
|
0-0: Foul Ball, location: 2F 0-1: DOUBLE (Line Drive, 89D, EV 106.9 MPH) Noah Stanley scores
|
Batting: SHB Jason Woods
|
0-0: Called Strike 0-1: Foul Ball, location: 2F 0-2: SINGLE (Groundball, 56, EV 99.4 MPH) (infield hit) Adrian Rudkilde to third
|
Batting: SHB Jean-François Bernard
|
0-0: Ball 1-0: Ball 2-0: Swinging Strike 2-1: Swinging Strike 2-2: Strikes out swinging
|
Bottom of the 9th over - 1 run, 3 hits, 0 errors, 2 left on base; Minnesota 5 - Milwaukee 5 |
TOP OF THE 10TH |
Minnesota Twins batting - Pitching for Milwaukee Brewers : RHP Mekonen Mahfudh
|
Pitching: RHP John York
|
|
Batting: RHB Hildo Pot
|
0-0: Ball 1-0: Ball 2-0: DOUBLE (Line Drive, 5D, EV 99.4 MPH)
|
Batting: RHB Blake Ballard
|
0-0: Foul Ball, location: 2F 0-1: Ball 1-1: Ball 2-1: TRIPLE (Flyball, 89XD, EV 96.9 MPH) Hildo Pot scores
|
Batting: RHB Danny Miramontes
|
0-0: Intentional Walk
|
Batting: RHB José Molina
|
0-0: Ball 1-0: Called Strike 1-1: Ball 2-1: Foul Ball, location: 2F 2-2: Fly out, F7 (Flyball, 78S, EV 85.6 MPH)
|
Batting: RHB Väinö Tapaninen
|
0-0: Ball 1-0: Ball 2-0: Fly out, F8 (Flyball, 8RD, EV 97.5 MPH) Runner from 3rd tags up, SCORES, no throw by CF
|
Batting: RHB Brett Steele
|
0-0: Called Strike 0-1: Ball 1-1: Called Strike 1-2: Ball 2-2: Foul Ball, location: 2F 2-2: Ball 3-2: Strikes out looking
|
Top of the 10th over - 2 runs, 2 hits, 0 errors, 1 left on base; Minnesota 7 - Milwaukee 5 |
BOTTOM OF THE 10TH |
Milwaukee Brewers batting - Pitching for Minnesota Twins : LHP Jim Storer
|
Batting: RHB Akitada Nishizawa
|
0-0: Called Strike 0-1: Swinging Strike 0-2: Ball 1-2: Ball 2-2: Ground out 5-3 (Groundball, 56S, EV 88.8 MPH)
|
Batting: RHB Daniel Donovan
|
0-0: Ball 1-0: Foul Ball, location: 2F 1-1: Called Strike 1-2: SINGLE (Groundball, 56S, EV 69.4 MPH) (infield hit)
|
Batting: RHB Kisho Ito
|
0-0: Fly out, F8 (Flyball, 8RD, EV 103.8 MPH)
|
Batting: RHB Noah Stanley
|
0-0: Ball 1-0: Ball 2-0: Called Strike 2-1: Foul Ball, location: 2F 2-2: Fielders Choice at 2nd, 6-4 (Groundball, 6, EV 102.5 MPH)
|
Bottom of the 10th over - 0 runs, 1 hit, 0 errors, 1 left on base; Minnesota 7 - Milwaukee 5 |
|